 Dungeon Crawl Stone Soup version 0.21.1-1-g345015f (webtiles) character file.

243235 Melicamp the Unseen (level 19, -2/91 HPs)
             Began as a Vine Stalker Gladiator on Mar 31, 2018.
             Was the Champion of Wu Jian.
             Killed from afar by a wizard (9 damage)
             ... with an orb of energy
             ... on level 1 of the Vaults on Apr 1, 2018.
             The game lasted 06:10:41 (39716 turns).

Melicamp the Unseen (Vine Stalker Gladiator)       Turns: 39716, Time: 06:10:42

Health: -2/91      AC: 21    Str: 17      XL:     19   Next: 41%
Magic:  0/32       EV: 13    Int:  8      God:    Wu Jian [******]
Gold:   1545       SH:  6    Dex: 22 (24) Spells: 21/35 levels left

rFire    + . .     SeeInvis .   h - +9 dagger (elec)
rCold    . . .     Gourm    .   b - +0 buckler
rNeg     . . .     Faith    .   c - +4 plate armour {rF+}
rPois    +         Spirit   +   (no helmet)
rElec    .         Reflect  .   s - scarf {repulsion}
rCorr    .         Harm     .   x - +2 pair of gloves
MR       +++..                  P - +2 pair of boots
Stlth    +++++.....             V - amulet of magic regeneration
HPRegen  1.05/turn              d - ring of protection from magic
MPRegen  0.48/turn              t - ring of Kaethi {rPois Stlth+}

@: very slightly contaminated, repel missiles
A: fangs 3, deformed body, deterioration 1, frail 1, regeneration 2, magic
shield, antimagic bite, no potion heal 3, rot immunity
}: 2/15 runes: decaying, gossamer
a: Wall Jump, Serpent's Lash, Heavenly Storm, Renounce Religion


You were on level 1 of the Vaults.
You worshipped Wu Jian.
Wu Jian was exalted by your worship.
You were not hungry.

You visited 8 branches of the dungeon, and saw 34 of its levels.
You also visited: Ossuary.

You collected 2684 gold pieces.
You spent 1139 gold pieces at shops.

Inventory:

Hand Weapons
 h - a +9 dagger of electrocution (weapon)
Missiles
 v - 981 arrows
Armour
 b - a +0 buckler (worn)
 c - a +4 plate armour of fire resistance (worn)
 s - a scarf of repulsion (worn)
 x - a +2 pair of gloves (worn)
 O - the +7 leather armour of Juzy {*Contam MP+9 Str+2 Int+6}
   (You found it on level 9 of the Dungeon)

   It affects your strength (+2).
   It affects your intelligence (+6).
   It affects your magic capacity (+9).
   It causes magical contamination when unequipped.
 P - a +2 pair of boots (worn)
Jewellery
 d - a ring of protection from magic (left hand)
 i - an uncursed ring of protection from fire
 k - an uncursed ring of see invisible
 t - the ring of Kaethi (right hand) {rPois Stlth+}
   (You bought it in a shop on level 2 of the Orcish Mines)

   [ring of stealth]

   It protects you from poison.
   It makes you more stealthy.
 y - an uncursed ring of resist corrosion
 A - an uncursed amulet of regeneration
 Q - an uncursed ring of protection from cold
 V - an amulet of magic regeneration (around neck)
Wands
 r - a wand of paralysis (35)
 H - a wand of disintegration (16)
 T - a wand of acid (20)
 Y - a wand of digging (28)
Scrolls
 e - 7 scrolls of identify
 l - 3 scrolls of fog
 o - a scroll of holy word
 p - 3 scrolls of enchant armour
 u - a scroll of vulnerability
 B - 3 scrolls of immolation
 E - 2 scrolls of fear
 F - 4 scrolls of magic mapping
 K - 5 scrolls of amnesia
 N - 9 scrolls of remove curse
 R - 2 scrolls of blinking
 W - a scroll of enchant weapon
Potions
 a - 3 potions of invisibility
 g - 2 potions of berserk rage
 j - 19 potions of curing
 m - 2 potions of magic
 q - 8 potions of ambrosia
 w - 3 potions of brilliance
 C - 3 potions of flight
 D - a potion of resistance
 G - 3 potions of cancellation
 J - 7 potions of might
 L - a potion of agility
 U - a potion of haste
 Z - 4 potions of lignification
Books
 I - a book of Flames

   Spells                             Type                      Level
   a - Flame Tongue                   Conjuration/Fire             1
   b - Throw Flame                    Conjuration/Fire             2
   c - Conjure Flame                  Conjuration/Fire             3
   d - Inner Flame                    Hexes/Fire                   3
   e - Sticky Flame                   Conjuration/Fire             4
   f - Fireball                       Conjuration/Fire             5
 M - a book of Beasts

   Spells                             Type                      Level
   a - Summon Butterflies             Summoning                    1
   b - Call Canine Familiar           Summoning                    3
   c - Summon Ice Beast               Ice/Summoning                4
   d - Summon Mana Viper              Hexes/Summoning              5
   e - Summon Hydra                   Summoning                    7
 X - a book of Air

   Spells                             Type                      Level
   a - Shock                          Conjuration/Air              1
   b - Swiftness                      Charms/Air                   2
   c - Static Discharge               Conjuration/Air              3
   d - Airstrike                      Air                          4
   e - Lightning Bolt                 Conjuration/Air              5
Miscellaneous
 n - a phial of floods
 S - a lamp of fire
Comestibles
 f - 51 rations


   Skills:
 - Level 12.0 Fighting
 - Level 12.9 Short Blades
   Level 3.0 Polearms
 - Level 1.7 Throwing
 * Level 11.4 Armour
 + Level 11.9 Dodging
 - Level 20.1 Stealth
 - Level 4.8 Shields
 - Level 8.7 Spellcasting
 - Level 7.8 Conjurations
 - Level 4.7 Translocations
 - Level 4.2 Transmutations
 - Level 7.3 Fire Magic
 - Level 6.1 Evocations


You had 21 spell levels left.
You knew the following spells:

 Your Spells              Type           Power        Failure   Level  Hunger
a - Apportation           Tloc           ##....       50%         1    None
b - Sticky Flame          Conj/Fire      ###.....     87%         4    ####...
c - Blink                 Tloc           N/A          65%         2    ##.....
d - Teleport Other        Tloc           ##......     86%         3    ###....
e - Shroud of Golubria    Chrm/Tloc      #.........   93%         2    ##.....
g - Sticks to Snakes      Tmut           ##......     71%         2    ##.....


Dungeon Overview and Level Annotations

Branches:
Dungeon (15/15)            Temple (1/1) D:7            Lair (6/6) D:11
  Swamp (4/4) Lair:3       Spider (4/4) Lair:3        Slime (0/5) Lair:6
    Orc (2/2) D:9             Elf (1/3) Orc:2        Vaults (1/5) D:13
 Depths (0/5) D:15

Altars:
Ashenzari
Cheibriados
Dithmenos
Elyvilon
Fedhas
Gozag
Hepliaklqana
Kikubaaqudgha
Makhleb
Nemelex Xobeh
Okawaru
Qazlal
Ru
Sif Muna
Trog
Uskayaw
Vehumet
Wu Jian
Xom
Yredelemnul
Zin
The Shining One
Beogh

Shops:
D:4 *   D:8 [   D:14 [   Orc:2 (=*?   Elf:1 *

Annotations:
D:11 exclusion: 2 doors
Elf:1 1 runed door


Innate Abilities, Weirdness & Mutations

You have razor-sharp teeth.
You heal very quickly.
When hurt, damage is shared between your health and your magic reserves.
Your bite disrupts and absorbs the magic of your enemies.
Potions cannot restore your health.
You are immune to rotting.
Armour fits poorly on your strangely shaped body.
Your body sometimes deteriorates upon taking damage.
You are frail. (-10% HP)


Message History

The ironbrand convoker is wielding a great mace of venom.
As you read the scroll of teleportation, it crumbles to dust.
You feel strangely unstable.
The yaktaur shouts!
The two-headed ogre moves out of view.
The ironbrand convoker begins to recite a word of recall!
The yaktaur wields an arbalest.
The yaktaur shoots a bolt.
The bolt hits you!!
* * * LOW HITPOINT WARNING * * *
Casting: Blink
Confirm with . or Enter, or press ? or * to list all spells.
You miscast Blink.
You are very lightly contaminated with residual magic.
You feel a wrenching sensation.
Your surroundings suddenly seem different.
A wizard comes into view. It is wielding a dagger.
The wizard shouts!
You closely miss the wizard. Your bite misses the wizard.
The wizard points at you and mumbles some strange words.
The orb of energy hits you!
You die...

#.....###'###.....##.. ..
#...........#....##.#.
....#...Z.......#....#...#
####
....#####+#######....#...#
....
.....................#...#
#...
................)....##.#.
....
......................##..
####
.........p..[.........##..
.
.>.......@.............#..
...
.......)...............##.
...
........................##
..
..................}.......
.
.......................(..
##########################


You could see a wizard.

Vanquished Creatures
  Saint Roka (Orc:2)
  Nikola (Elf:1)
  Jorgrun (Swamp:4)
  Rupert (Lair:4)
  A thorn hunter (Swamp:4)
  Donald (Elf:1)
  A deep elf sorcerer (Elf:1)
  4 ghost moths (Spider:4)
  A vault warden (Vaults:1)
  8 emperor scorpions
  Aizul (Spider:1)
  An orc warlord (Orc:2)
  2 very ugly things
  2 ironheart preservers (Vaults:1)
  A stone giant (Vaults:1)
  4 entropy weavers
  A dire elephant (D:15)
  Snorg (Lair:6)
  A fire dragon (Lair:6)
  A yaktaur captain (Vaults:1)
  Josephine (Lair:6)
  A deep elf high priest (Elf:1)
  Harold (D:10)
  A rakshasa (Vaults:1)
  23 hydras
  3 ogre magi (Vaults:1)
  2 ghost crabs
  The ghost of Totori the Fighter, a novice DrEE of Elyvilon (D:8)
  A death knight (D:13)
  16 two-headed ogres
  5 centaur warriors
  An ice dragon (Vaults:1)
  3 dancing weapons (Elf:1)
  A queen ant (Lair:2)
  14 alligators
  4 orc high priests (Orc:2)
  2 spriggan berserkers (Swamp:3)
  4 deep elf knights (Elf:1)
  Nergalle (D:10)
  Sonja (D:12)
  A fire crab (shapeshifter) (Vaults:1)
  2 skeletal warriors (D:13)
  3 unseen horrors
  A flayed ghost (D:11)
  Pikel (D:6)
  2 ironbrand convokers (Vaults:1)
  5 deep elf archers (Elf:1)
  A necromancer (D:13)
  12 swamp dragons
  A lindwurm (Lair:6)
  12 orb spiders
  3 shambling mangroves
  5 orc knights
  32 deep elf magi (Elf:1)
  4 orc sorcerers (Orc:2)
  26 wolf spiders
  12 ugly things
  3 cyclopes
  2 moths of wrath (Spider:1)
  2 manticores
  Maurice (D:8)
  An oklob plant (Lair:6)
  5 elephants (Lair:6)
  6 black mambas
  Psyche (D:9)
  A gargoyle (D:14)
  3 torpor snails
  2 molten gargoyles (Lair:6)
  A vault sentinel (Vaults:1)
  19 spiny frogs
  14 komodo dragons
  6 yaktaurs (Vaults:1)
  An efreet (D:14)
  3 freezing wraiths
  9 demonic crawlers
  A rime drake (Lair:6)
  A queen bee (Lair:2)
  7 trolls
  2 tyrant leeches
  16 jumping spiders
  A wind drake (shapeshifter) (D:13)
  A troll (shapeshifter) (D:13)
  The ghost of Hasart the Shield-Bearer, an amateur FoFi of Makhleb (D:4)
  6 blink frogs
  11 hornets
  Prince Ribbit (D:6)
  3 bog bodies
  6 slime creatures
  6 dream sheep (Lair:6)
  5 hippogriffs
  2 air elementals (Elf:1)
  7 spriggans
  2 shadows
  5 wyverns
  A vampire (D:13)
  63 redbacks
  2 water elementals (Elf:1)
  6 wraiths
  42 tarantellas
  A fire elemental (Elf:1)
  2 basilisks
  A steam dragon (Lair:6)
  8 vampire mosquitoes
  37 yaks
  10 wargs
  3 hungry ghosts
  5 insubstantial wisps
  20 soldier ants
  An acid dragon (D:11)
  18 swamp worms
  11 water moccasins
  5 hell hounds (Lair:6)
  8 porcupines
  Duvessa (D:7)
  3 sky beasts
  50 orc warriors
  6 swamp drakes
  3 slaves (D:6)
  A black bear (shapeshifter) (D:13)
  A black bear (D:9)
  26 ogres
  3 ice beasts
  2 eyes of draining
  3 wolves (Lair:6)
  6 phantoms
  25 centaurs
  14 crocodiles
  3 big kobolds (D:12)
  14 bullfrogs
  3 earth elementals (Elf:1)
  A wyvern zombie (D:11)
  Dowan (D:7)
  4 water moccasin zombies
  10 scorpions
  35 killer bees
  10 wights
  2 electric eels
  3 lava snakes (Lair:6)
  8 howler monkeys
  10 crimson imps
  3 jellies
  24 orc wizards
  2 bullfrog skeletons
  A centaur skeleton (D:7)
  37 orc priests
  6 hounds
  9 iguanas
  28 worker ants
  3 big kobold zombies (Ossuary)
  A hound skeleton (D:4)
  2 mummies (Ossuary)
  3 worker ant zombies
  5 gnolls
  13 adders
  2 shadow imps
  An ooze (D:2)
  3 adder zombies (Ossuary)
  2 adder skeletons (D:5)
  4 worms
  3 dart slugs
  6 leopard geckos
  127 orcs
  3 ball pythons
  4 giant cockroaches
  2 gnoll zombies (Ossuary)
  6 goblins
  6 hobgoblins
  12 jackals
  12 kobolds
  2 quokkas
  2 bats
  2 frilled lizards
  5 hobgoblin zombies (Ossuary)
  4 kobold zombies (Ossuary)
  5 orc zombies (Ossuary)
  2 quokka skeletons
  8 rats
  3 butterflies (Lair:2)
1263 creatures vanquished.

Vanquished Creatures (others)
  A redback (Spider:1)
  16 fungi
  3 plants (Lair:4)
20 creatures vanquished.

Grand Total: 1283 creatures vanquished

Notes
Turn   | Place    | Note
-------+----------+-------------------------------------------
     0 | D:1      | Melicamp the Vine Stalker Gladiator began the quest for the Orb.
     0 | D:1      | Reached XP level 1. HP: 11/11 MP: 2/2
   400 | D:1      | Reached XP level 2. HP: 13/16 MP: 1/3
  1037 | D:2      | Reached XP level 3. HP: 19/19 MP: 4/4
  1082 | D:2      | Reached skill level 1 in Stealth
  1300 | D:2      | Found a radiant altar of Vehumet.
  1485 | D:2      | Reached skill level 2 in Stealth
  1497 | D:2      | Found a stormy altar of Qazlal.
  1610 | D:2      | Found a sacrificial altar of Ru.
  1897 | D:2      | Reached skill level 1 in Short Blades
  1897 | D:2      | Gained mutation: Your natural rate of healing is unusually fast. [Vine Stalker growth]
  1897 | D:2      | Reached XP level 4. HP: 19/23 MP: 5/5
  1937 | D:2      | Found a basalt altar of Yredelemnul.
  2010 | D:2      | Found a shattered altar of Ashenzari.
  2219 | D:3      | Reached skill level 3 in Stealth
  2773 | D:3      | Reached XP level 5. HP: 27/27 MP: 6/6
  2823 | D:4      | Noticed an ogre
  2948 | D:4      | Reached skill level 4 in Stealth
  3059 | D:4      | Found a deep blue altar of Sif Muna.
  3119 | D:4      | Noticed an ogre
  3171 | D:4      | Killed an ogre
  3171 | D:4      | Reached skill level 5 in Stealth
  3171 | D:4      | Reached XP level 6. HP: 32/32 MP: 7/7
  3176 | D:4      | Noticed Hasart's ghost (amateur FoFi)
  3191 | D:4      | Found Kixti's Antique Weapon Shoppe.
  3266 | D:3      | Reached skill level 6 in Stealth
  3419 | D:4      | Found a snail-covered altar of Cheibriados.
  3463 | D:4      | Noticed a water moccasin
  3563 | D:5      | Entered Level 5 of the Dungeon
  3585 | D:5      | Reached XP level 7. HP: 35/35 MP: 8/8
  4252 | D:5      | Reached skill level 5 in Short Blades
  4252 | D:5      | Gained mutation: You have razor-sharp teeth. [Vine Stalker growth]
  4252 | D:5      | Reached XP level 8. HP: 42/42 MP: 9/9
  4441 | D:6      | Noticed a brown ugly thing
  5282 | D:6      | Found a glowing silver altar of Zin.
  6084 | D:6      | Noticed Pikel
  6085 | D:7      | Noticed Duvessa
  6085 | D:7      | Noticed Dowan
  6196 | D:6      | Killed Pikel
  6196 | D:6      | Reached skill level 5 in Fighting
  6196 | D:6      | Reached XP level 9. HP: 25/47 MP: 10/10
  6397 | D:4      | Found Riohojil's Serpentskin Sales.
  6538 | D:6      | Noticed Prince Ribbit
  6539 | D:6      | Killed Prince Ribbit
  6720 | D:7      | Killed Duvessa
  6803 | D:7      | Killed Dowan
  6903 | D:7      | Found a burning altar of Makhleb.
  7170 | D:7      | Found a blossoming altar of Fedhas.
  7304 | D:7      | Found a staircase to the Ecumenical Temple.
  7683 | D:8      | Found Kimicwu's Antique Armour Shop.
  7795 | D:8      | Reached skill level 1 in Shields
  7799 | D:8      | Noticed Totori's ghost (novice DrEE)
  7837 | D:8      | Reached skill level 10 in Short Blades
  7837 | D:8      | Reached XP level 10. HP: 52/52 MP: 11/11
  7947 | D:8      | Killed Totori's ghost
  7976 | D:8      | Reached skill level 7 in Stealth
  8011 | D:8      | Found a sand-covered staircase.
  8039 | Ossuary  | Entered an ossuary
  8462 | D:8      | Noticed Maurice
  8482 | D:8      | Killed Maurice
  8482 | D:8      | Reached skill level 8 in Stealth
  8950 | D:9      | Found a staircase to the Orcish Mines.
  8983 | D:9      | Reached skill level 9 in Stealth
  9015 | D:9      | Got a pitted leather armour
  9051 | D:9      | Identified a scroll of acquirement
  9080 | D:9      | Got a dazzling flail
  9081 | D:9      | Identified the +9 flail of Cocytus {flame, rPois rF- Str+9 Dex-3} (You found it on level 9 of the Dungeon)
  9092 | D:9      | Identified the +7 leather armour of Juzy {*Contam MP+9 Str+2 Int+6} (You found it on level 9 of the Dungeon)
  9095 | D:9      | Learned a level 1 spell: Apportation
  9110 | D:9      | Reached XP level 11. HP: 58/58 MP: 12/12
  9325 | D:9      | Found an opulent altar of Gozag.
  9397 | D:9      | Noticed Psyche
  9546 | D:9      | Found a shimmering altar of Xom.
  9547 | D:9      | Found a hazy altar of Hepliaklqana.
  9547 | D:9      | Noticed a thorn hunter
  9549 | D:9      | Noticed a thorn hunter
  9707 | Temple   | Entered the Ecumenical Temple
  9834 | Temple   | Became a worshipper of the Wu Jian Council
  9938 | D:10     | Entered Level 10 of the Dungeon
  9943 | D:10     | Noticed Nergalle
 10138 | D:10     | Noticed an orc knight
 10155 | D:10     | Killed an orc knight
 10162 | D:10     | Reached skill level 10 in Stealth
 10328 | D:10     | Noticed Harold
 10361 | D:10     | Killed Harold
 10361 | D:10     | Reached skill level 11 in Stealth
 11224 | D:10     | Killed Nergalle
 11224 | D:10     | Reached skill level 12 in Stealth
 11235 | D:11     | Found a staircase to the Lair.
 11326 | D:11     | Noticed a green ugly thing
 11414 | D:11     | Reached * piety under Wu Jian
 11423 | D:11     | Killed a green ugly thing
 11423 | D:11     | Reached skill level 13 in Stealth
 11513 | D:11     | Gained mutation: Armour fits poorly on your strangely shaped body. [mutagenic glow]
 11624 | D:11     | Killed an unseen horror
 11624 | D:11     | Reached skill level 14 in Stealth
 11733 | D:11     | Noticed a centaur warrior
 11747 | D:11     | Killed a centaur warrior
 11785 | D:11     | Reached skill level 15 in Stealth
 12046 | D:11     | Noticed a centaur warrior
 12056 | D:11     | Noticed an eight-headed hydra
 12418 | D:6      | Killed a brown ugly thing
 12418 | D:6      | Gained mutation: You heal very quickly. [Vine Stalker growth]
 12418 | D:6      | Reached XP level 12. HP: 55/67 MP: 13/13
 12478 | D:4      | Killed Hasart's ghost
 12512 | D:4      | Bought an uncursed ring of poison resistance for 260 gold pieces
 12763 | D:9      | Killed Psyche
 12763 | D:9      | Reached skill level 16 in Stealth
 13028 | D:11     | Reached ** piety under Wu Jian
 13055 | D:11     | Noticed a two-headed ogre
 13229 | D:11     | Found a large runed door.
 13229 | D:11     | Found a large runed door.
 13258 | D:11     | Killed a two-headed ogre
 13258 | D:11     | Reached skill level 17 in Stealth
 13321 | D:11     | Found a glowing silver altar of Zin.
 13324 | D:11     | Noticed a fire dragon
 13349 | D:11     | Reached skill level 10 in Fighting
 13393 | D:11     | Killed a centaur warrior
 13492 | Lair:1   | Entered Level 1 of the Lair of Beasts
 13744 | Lair:1   | Reached skill level 1 in Evocations
 14789 | Lair:2   | Noticed a queen ant
 14798 | Lair:2   | Reached *** piety under Wu Jian
 14806 | Lair:2   | Reached skill level 5 in Dodging
 14842 | Lair:2   | Killed a queen ant
 14988 | Lair:2   | Reached XP level 13. HP: 67/72 MP: 16/16
 15393 | Lair:3   | Found a hole to the Spider Nest.
 15474 | Lair:3   | Found a staircase to the Swamp.
 15483 | Lair:3   | Reached **** piety under Wu Jian
 15594 | Lair:3   | Reached skill level 5 in Evocations
 15638 | Lair:3   | Learned a level 4 spell: Sticky Flame
 16229 | Lair:4   | Noticed Rupert
 16251 | Lair:4   | Killed Rupert
 17002 | Lair:5   | You fall through a shaft!
 17002 | Lair:6   | Entered Level 6 of the Lair of Beasts
 17116 | Lair:6   | Reached ***** piety under Wu Jian
 17186 | Lair:6   | Noticed Snorg
 17201 | Lair:6   | Killed Snorg
 17405 | Lair:6   | Reached skill level 10 in Dodging
 17422 | Lair:6   | Learned a level 2 spell: Blink
 17484 | Lair:6   | Found a staircase to the Slime Pits.
 17615 | Lair:6   | Reached skill level 1 in Spellcasting
 17615 | Lair:6   | Reached XP level 14. HP: 74/77 MP: 19/19
 17632 | Lair:6   | Reached skill level 1 in Translocations
 17639 | Lair:6   | Reached skill level 1 in Conjurations
 17929 | Lair:6   | Found a large runed door.
 18186 | Lair:6   | Reached skill level 5 in Spellcasting
 18359 | Lair:6   | Found a large runed door.
 18577 | Lair:6   | Learned a level 3 spell: Teleport Other
 18952 | Lair:6   | Noticed Josephine
 18970 | Lair:6   | Killed Josephine
 19527 | Lair:5   | Learned a level 2 spell: Shroud of Golubria
 19989 | Orc:1    | Entered Level 1 of the Orcish Mines
 20268 | Orc:1    | Reached ****** piety under Wu Jian
 20648 | Orc:2    | Entered Level 2 of the Orcish Mines
 20711 | Orc:2    | Reached skill level 1 in Fire Magic
 21004 | Orc:2    | Noticed an orc warlord
 21030 | Orc:2    | Killed an orc warlord
 21042 | Orc:2    | Noticed Saint Roka
 21231 | Orc:2    | Reached skill level 5 in Conjurations
 21357 | Orc:2    | Found Fiuforib's Magic Scroll Emporium.
 21488 | Orc:2    | Reached XP level 15. HP: 80/80 MP: 26/26
 21706 | Orc:2    | Found a roughly hewn altar of Beogh.
 21764 | Orc:2    | Reached skill level 5 in Fire Magic
 21826 | Orc:2    | Found Vexav's Antique Weapon Emporium.
 21912 | Orc:2    | Found Ifucryge's Jewellery Shoppe.
 21960 | Orc:2    | Bought the ring of Kaethi {rPois Stlth+} for 401 gold pieces
 22199 | Orc:2    | Found a staircase to the Elven Halls.
 22769 | Orc:2    | Killed Saint Roka
 22886 | Orc:2    | Found a roughly hewn altar of Beogh.
 23002 | Orc:2    | Bought a scroll of enchant weapon for 82 gold pieces
 23002 | Orc:2    | Bought a scroll of blinking for 82 gold pieces
 23002 | Orc:2    | Bought a scroll of magic mapping for 38 gold pieces
 23003 | Orc:2    | Bought a scroll of teleportation for 33 gold pieces
 23003 | Orc:2    | Bought a scroll of teleportation for 33 gold pieces
 23141 | Orc:2    | Found Jiptye's Assorted Antiques.
 23152 | Orc:2    | Reached skill level 18 in Stealth
 23190 | Orc:2    | Bought a faintly glowing leather armour for 210 gold pieces
 23190 | Orc:2    | Identified the cursed +1 leather armour of the Shining One's Whim {Str+3} (You bought it in a shop on level 2 of the Orcish Mines)
 23409 | D:12     | Noticed Sonja
 23411 | D:12     | Killed Sonja
 23721 | D:12     | Found a shadowy altar of Dithmenos.
 25192 | D:13     | Found a gate to the Vaults.
 25694 | D:14     | Found Omuarhyhe's Armour Emporium.
 26087 | D:14     | Found a shattered altar of Ashenzari.
 26118 | D:14     | Reached XP level 16. HP: 78/88 MP: 29/29
 26556 | D:15     | Entered Level 15 of the Dungeon
 26677 | D:15     | Found a staircase to the Depths.
 26840 | Swamp:1  | Entered Level 1 of the Swamp
 27810 | Swamp:2  | Got a heavily runed ring mail
 27811 | Swamp:2  | Identified the +3 ring mail "Gonump" {Int+2} (You found it on level 2 of the Swamp)
 27886 | Swamp:2  | Reached skill level 19 in Stealth
 29285 | Swamp:4  | Entered Level 4 of the Swamp
 29793 | Swamp:4  | Noticed a thorn hunter
 29796 | Swamp:4  | Noticed Jorgrun
 29796 | Swamp:4  | Reached XP level 17. HP: 78/93 MP: 30/30
 29998 | Swamp:4  | Killed Jorgrun
 30129 | Swamp:4  | Got a decaying rune of Zot
 30616 | Swamp:4  | Reached skill level 20 in Stealth
 30864 | Swamp:4  | Learned a level 5 spell: Fireball
 31031 | Spider:1 | Entered Level 1 of the Spider Nest
 31258 | Spider:1 | Reached skill level 1 in Armour
 31265 | Spider:1 | Noticed Aizul
 31273 | Spider:1 | Killed Aizul
 31613 | Orc:2    | Gained mutation: You are frail. (-10% HP) [mutagenic glow]
 31848 | Elf:1    | Entered Level 1 of the Elven Halls
 31903 | Elf:1    | Noticed Donald
 31909 | Elf:1    | Killed Donald
 32689 | Elf:1    | Identified the Volume of Supportive Conjuration
 32944 | Elf:1    | Noticed Nikola
 32957 | Elf:1    | Killed Nikola
 32957 | Elf:1    | Reached skill level 5 in Armour
 33170 | Elf:1    | Found Onied's Assorted Antiques.
 33511 | Elf:1    | Reached XP level 18. HP: 88/88 MP: 31/31
 33562 | Elf:1    | Found a runed door.
 33569 | Elf:1    | Identified the +7 plate armour "Nuawnucs" {Dex+5} (You found it on level 1 of the Elven Halls)
 33631 | Elf:1    | Got an ebony rapier
 33632 | Elf:1    | Identified the +5 rapier of Xeozistri {venom, rPois Stlth+} (You found it on level 1 of the Elven Halls)
 34572 | Spider:2 | Learned a level 2 spell: Sticks to Snakes
 34858 | Spider:2 | Reached skill level 1 in Transmutations
 36237 | Spider:4 | Entered Level 4 of the Spider Nest
 37814 | Spider:4 | Reached skill level 10 in Armour
 38471 | Spider:4 | Reached XP level 19. HP: 91/91 MP: 32/32
 38661 | Spider:4 | Got a gossamer rune of Zot
 38690 | Spider:4 | Gained mutation: Your body sometimes deteriorates upon taking damage. [mutagenic glow]
 38945 | Vaults:1 | Entered Level 1 of the Vaults
 39711 | Vaults:1 | HP: 3/91 [yaktaur/bolt (8)]
 39716 | Vaults:1 | Killed from afar by a wizard

Skill      XL: |  1  2  3  4  5  6  7  8  9 10 11 12 13 14 15 16 17 18 19 |
---------------+----------------------------------------------------------+-----
Fighting       | 2 3 5 7 9 10 11 12 | 12.0
Polearms       | 3 |  3.0
Stealth        | 2 3 5 6 9 15 17 18 19 20 | 20.1
Short Blades   | 1 2 3 5 7 10 11 12 | 12.9
Shields        | 1 4 |  4.8
Dodging        | 6 10 11 | 11.9
Evocations     | 3 6 |  6.1
Spellcasting   | 1 7 8 |  8.7
Translocations | 4 |  4.7
Conjurations   | 5 7 |  7.8
Fire Magic     | 4 7 |  7.3
Armour         | 6 10 11 | 11.4
Transmutations | 4 |  4.2
Throwing       | |  1.7

Action                   |  1- 3 |  4- 6 |  7- 9 | 10-12 | 13-15 | 16-18 | 19-21 || total
-------------------------+-------+-------+-------+-------+-------+-------+-------++-------
Melee: Trident           |    36 |       |       |       |       |       |       ||    36
       Bite              |    22 |    27 |   108 |   356 |   703 |   764 |   131 ||  2111
       Dagger            |    48 |   112 |   322 |   919 |  1675 |  1753 |   223 ||  5052
Throw: Throwing net      |     8 |       |       |       |       |       |       ||     8
       Stone             |     3 |    16 |     1 |     2 |       |       |       ||    22
       Javelin           |       |       |    27 |    28 |    16 |     6 |       ||    77
 Cast: Blink             |       |       |       |       |     6 |    19 |     1 ||    26
       Apportation       |       |       |       |       |     4 |       |       ||     4
       Teleport Other    |       |       |       |       |     1 |       |       ||     1
       Sticky Flame      |       |       |       |       |     5 |     3 |       ||     8
       Shroud of Golubri |       |       |       |       |     2 |     1 |       ||     3
       Sticks to Snakes  |       |       |       |       |       |    18 |       ||    18
Invok: Lunge             |       |       |       |    38 |   165 |   119 |    17 ||   339
       Whirlwind         |       |       |       |    22 |   193 |   148 |    23 ||   386
       Wall Jump         |       |       |       |     6 |    35 |    19 |     3 ||    63
       Serpent's Lash    |       |       |       |       |       |     4 |     2 ||     6
       Heavenly Storm    |       |       |       |       |       |     1 |       ||     1
Evoke: Wand              |       |       |     3 |       |    24 |       |       ||    27
       Lightning rod     |       |       |       |       |     2 |       |       ||     2
       Lamp of fire      |       |       |       |       |       |     1 |       ||     1
  Use: Scroll            |     2 |     3 |    15 |    14 |    30 |    24 |     2 ||    90
       Potion            |       |     1 |     4 |     5 |     1 |     2 |       ||    13
 Stab: Sleeping          |     3 |     8 |     5 |    37 |   102 |    82 |     3 ||   240
       Distracted        |     1 |       |     1 |     7 |     9 |    15 |     1 ||    34
       Confused          |       |       |       |       |       |     1 |       ||     1
  Eat: Chunk             |     3 |     5 |     4 |    11 |    24 |    12 |       ||    59
       Ration            |       |       |     3 |     4 |     4 |     9 |     1 ||    21
Armor: Leather armour    |    19 |    11 |    24 |   113 |   155 |   369 |    10 ||   701
       Troll leather arm |       |       |    25 |    37 |       |       |       ||    62
       Plate armour      |       |       |       |       |       |       |    21 ||    21
Dodge: Dodged            |    37 |    51 |   120 |   233 |   589 |  1257 |    75 ||  2362
       Deflected         |       |       |       |       |       |     7 |     5 ||    12
Block: Buckler           |       |       |       |   121 |   210 |   352 |    36 ||   719
